 Dungeon Crawl Stone Soup version 0.17-a0-1572-g7a1422d (webtiles) character file.

144 urechis the Cudgeler (level 5, -1/55 HPs)
             Began as an Ogre Gladiator on July 25, 2015.
             Killed from afar by an orc wizard (7 damage)
             ... with a puff of flame
             ... on level 3 of the Dungeon.
             The game lasted 00:03:57 (2917 turns).

urechis the Cudgeler (Ogre Gladiator)               Turns: 2917, Time: 00:03:57

Health: -1/55      AC:  3    Str: 21    XL:     5   Next: 26%
Magic:  5/5        EV: 10    Int:  7    God:
Gold:   77         SH:  0    Dex: 10    Spells: 0 memorised, 4 levels left

rFire  . . .     SeeInvis .     a - +0 flail
rCold  . . .     Clarity  .     b - +0 robe
rNeg   . . .     SustAt   .     (no shield)
rPois  .         Gourm    .     c - +0 hat
rElec  .         Spirit   .     (no cloak)
rCorr  .         Warding  .     (gloves unavailable)
rMut   .         Stasis   .     (boots unavailable)
MR     .....                    (no amulet)
Stlth  +.........               (no ring)
                                (no ring)

@: not resistant to hostile enchantments, very unstealthy
A: unfitting armour, tough skin 1
a: no special abilities


You were on level 3 of the Dungeon.
You were not hungry.

You visited 1 branch of the dungeon, and saw 3 of its levels.

You collected 77 gold pieces.

Inventory:

Hand weapons
 a - a +0 flail (weapon)
Missiles
 d - 3 throwing nets (quivered)
 h - 20 poisoned needles
Armour
 b - a +0 robe (worn)
 c - a +0 hat (worn)
Scrolls
 f - 3 scrolls of magic mapping {unknown}
 g - a scroll of fear {unknown}
 i - 2 scrolls of amnesia {unknown}
 k - a scroll of enchant armour {unknown}
 l - a scroll of enchant weapon {unknown}
 p - 2 scrolls of teleportation {unknown}
 s - a scroll of blinking {unknown}
 v - a scroll of identify {unknown}
Potions
 j - 3 potions of curing
 m - 2 potions of might {unknown}
 n - a potion of poison {unknown}
 q - 2 potions of heal wounds {unknown}
 r - 3 potions of agility {unknown}
 u - a potion of experience {unknown}
Comestibles
 e - a bread ration
 o - 2 meat rations
 t - 3 chunks of flesh


   Skills:
 + Level 4.3 Fighting
 * Level 6.8 Maces & Flails
 - Level 2.1 Throwing
 - Level 2.6 Dodging


You had 4 spell levels left.
You didn't know any spells.

Dungeon Overview and Level Annotations

Branches:
Dungeon (3/15)

Altars:
Elyvilon
Qazlal


Innate Abilities, Weirdness & Mutations

You are too large for most types of armour.
You have tough skin (AC +1).


Message History

The goblin hits you but does no damage.
You hit the goblin.
The goblin is heavily wounded.
Something hits you. The goblin completely misses you.
You sock the goblin!
You kill the goblin!
Something hits you. x2
No target in view!
No target in view!
You closely miss something. Something hits you.
* * * LOW HITPOINT WARNING * * *
You closely miss something.
You hear some strange, mumbled words.
A puff of frost appears from out of thin air!
The puff of frost hits you!
* * * LOW HITPOINT WARNING * * *
You hear some strange, mumbled words.
A puff of flame appears from out of thin air!
The puff of flame hits you!
You die...

..........<....# #.#
########..###..# #.#
#......# ##. ..#
#.##.### #. #.##
####)##+## #. #..#
.........# #.# .#.#
.........# #.. #..#
.........### #.{###.#
#..........# #.)@...#
+..........# #.##(..#
#..........# # ##[.####
#..........# #..##..
#######'#### #..##.#
.....).....# #.# #..##.#
...........###.###..##.#
...........(....##..##.#
.[..............###.##.#


There were no monsters in sight!

Vanquished Creatures
  5 adders
  5 worms (D:2)
  3 giant geckos
  3 orcs (D:3)
  12 bats
  4 giant cockroaches
  15 goblins
  8 hobgoblins
  4 jackals (D:3)
  4 kobolds
  5 quokkas
  A ball python (D:1)
  A giant newt (D:2)
  5 rats
75 creatures vanquished.

Notes
Turn   | Place    | Note
--------------------------------------------------------------
     0 | D:1      | urechis the Ogre Gladiator began the quest for the Orb.
     0 | D:1      | Reached XP level 1. HP: 22/22 MP: 1/1
   260 | D:1      | Reached XP level 2. HP: 14/29 MP: 2/2
   614 | D:1      | Reached skill level 5 in Maces & Flails
   788 | D:1      | Reached XP level 3. HP: 21/37 MP: 3/3
  1776 | D:2      | Found a stormy altar of Qazlal.
  1777 | D:2      | Found a white marble altar of Elyvilon.
  1786 | D:2      | Reached XP level 4. HP: 31/45 MP: 4/4
  1971 | D:2      | Reached skill level 6 in Maces & Flails
  2605 | D:3      | Reached XP level 5. HP: 7/54 MP: 5/5
  2917 | D:3      | Killed from afar by an orc wizard

Vault maps used:
D:1:      dpeg_arrival_round_a
D:2:      nicolae_overflow_hidden_temple, minmay_misc_feat_plants
D:3:      gup_sewer_entry_bowl, grunt_decor_one_mirror

Action                   |  1- 3 |  4- 6 || total
-------------------------+-------+-------++-------
Melee: Flail             |   144 |   106 ||   250
  Use: Potion            |       |     1 ||     1
 Stab: Sleeping          |       |     2 ||     2
  Eat: Chunk             |     3 |     4 ||     7
